 Dungeon Crawl Stone Soup version 0.21.1-72-gffa868e (webtiles) character file.

75 loh228 the Shield-Bearer (level 4, 0/28 HPs)
             Began as a Gargoyle Fighter on Aug 5, 2018.
             Slain by an orc wizard
             ... wielding a +0 dagger
              (1 damage)
             ... on level 3 of the Dungeon.
             The game lasted 00:09:37 (1672 turns).

loh228 the Shield-Bearer (Gargoyle Fighter)         Turns: 1672, Time: 00:09:37

Health: 0/28       AC: 13    Str: 21    XL:     4   Next: 31%
Magic:  4/4        EV:  7    Int: 12    God:
Gold:   97         SH:  9    Dex:  9    Spells: 3/3 levels left

rFire    . . .     SeeInvis .   a - +0 flail
rCold    . . .     Gourm    .   c - +0 shield
rNeg     + . .     Faith    .   b - +0 scale mail
rPois    ∞         Spirit   .   e - +2 helmet
rElec    +         Reflect  .   (no cloak)
rCorr    .         Harm     .   (no gloves)
MR       .....                  (no boots)
Stlth    ..........             (no amulet)
HPRegen  0.09/turn              j - +4 ring of intelligence
MPRegen  0.09/turn              (no ring)

@: flying, slowed, very slow
A: negative energy resistance 1, electricity resistance, unbreathing,
petrification resistance, rot immunity, AC +3
a: no special abilities


You were on level 3 of the Dungeon.
You were not hungry.

You visited 1 branch of the dungeon, and saw 3 of its levels.

You collected 97 gold pieces.

Inventory:

Hand Weapons
 a - a +0 flail (weapon)
 l - a +0 mace
Missiles
 k - 16 poisoned needles
 r - 2 curare-tipped needles
Armour
 b - a +0 scale mail (worn)
 c - a +0 shield (worn)
 e - a +2 helmet (worn)
Jewellery
 j - a +4 ring of intelligence (left hand)
Scrolls
 g - a scroll of enchant armour
 h - a scroll of teleportation {unknown}
 i - 4 scrolls of identify
 n - 3 scrolls of amnesia {unknown}
 o - a scroll of magic mapping {unknown}
Potions
 d - a potion of might
 m - a potion of heal wounds {unknown}
Comestibles
 f - a ration


   Skills:
 + Level 3.4 Fighting
 + Level 3.1 Maces & Flails
 + Level 3.5 Armour
 + Level 0.7 Dodging
 + Level 4.2 Shields


You had 3 spell levels left.
You didn't know any spells.

Dungeon Overview and Level Annotations

Branches:
Dungeon (3/15)

Altars:


Innate Abilities, Weirdness & Mutations

You are resistant to torment.
Your stone body is resilient. (AC +3)
You are immune to poison.
You resist negative energy. (rN+)
You are resistant to electric shocks. (rElec)
You can survive without breathing.
You are immune to petrification.
You are immune to rotting.


Message History

The orc wizard is moderately wounded.
The orc wizard hits you but does no damage.
The orc wizard barely misses you.
The orc wizard hits you but does no damage.
You hit the orc wizard.
The orc wizard is moderately wounded.
The orc wizard hits you but does no damage.
You block the orc wizard's attack. The orc wizard casts a spell at you.
The magic dart hits you!
* * * LOW HITPOINT WARNING * * *
It was a potion of magic.
Magic courses through your body.
The orc wizard hits you but does no damage.
You block the orc wizard's attack.
It was a potion of flight.
You feel very buoyant.
You fly up into the air.
The orc wizard hits you but does no damage.
The orc wizard hits you with a dagger.
You die...

#....>..................
#.....##.######.###...##
#####.........### #.# #.....
#...'......#....# #.# ####..
#.###.........#.# #.# #..
#.#....#....#...# #.######..
#.#.##.#.##.#.### #.#...##..
###.#.##.#..#.#.# #.#.#.##..
#...#.##.#..#@#.# #.#.#.##..
###.#..#)##.#o#.#####.........
#.##.#...[#.................
#.##.#########..............
#.##.# #......#....#.. #.##.#
#.....##..###.. #....#
#.....##....#<. ######
#........##.#.#
#g.....####.#.#


You could see an orc wizard.

Vanquished Creatures
  An adder (D:2)
  3 worms
  A dart slug (D:2)
  2 leopard geckos (D:1)
  10 bats
  3 giant cockroaches (D:1)
  5 goblins
  5 hobgoblins
  4 jackals
  2 frilled lizards
  7 kobolds
  11 rats
54 creatures vanquished.

Vanquished Creatures (others)
  An orc wizard (D:3)
1 creature vanquished.

Grand Total: 55 creatures vanquished

Notes
Turn   | Place    | Note
-------+----------+-------------------------------------------
     0 | D:1      | loh228 the Gargoyle Fighter began the quest for the Orb.
     0 | D:1      | Reached XP level 1. HP: 14/14 MP: 1/1
   372 | D:1      | Reached XP level 2. HP: 16/19 MP: 2/2
   662 | D:1      | Reached skill level 4 in Shields
   666 | D:1      | Reached XP level 3. HP: 20/23 MP: 3/3
  1135 | D:2      | Reached XP level 4. HP: 24/28 MP: 4/4
  1670 | D:3      | HP: 1/28 [orc wizard/magic dart (11)]
  1672 | D:3      | Slain by an orc wizard

Skill      XL: |  1  2  3  4 |
---------------+-------------+-----
Shields        | 4 |  4.2
Maces & Flails | 3 |  3.1
Fighting       | |  3.4
Armour         | |  3.5
Dodging        | |  0.7

Action                   |  1- 3 |  4- 6 || total
-------------------------+-------+-------++-------
Melee: Flail             |   207 |    63 ||   270
  Use: Scroll            |     2 |       ||     2
       Potion            |       |     2 ||     2
  Eat: Ration            |     1 |       ||     1
Armor: Scale mail        |   171 |    36 ||   207
Dodge: Dodged            |   106 |    16 ||   122
Block: Shield            |   174 |    30 ||   204
